 Dungeon Crawl Stone Soup version 0.19-a0-659-g8260ecf (webtiles) character file.

3767 Ijustatesigmund the Cleaver (level 10, -8/91 HPs)
             Began as a Hill Orc Fighter on June 15, 2016.
             Was a Follower of Uskayaw.
             Mangled by Maud
             ... wielding a +4 eveningstar of protection
              (25 damage)
             ... on level 11 of the Dungeon.
             The game lasted 00:19:35 (7438 turns).

Ijustatesigmund the Cleaver (Hill Orc Fighter)      Turns: 7438, Time: 00:19:35

Health: -8/91      AC: 16    Str: 20    XL:     10   Next: 16%
Magic:  17/17      EV:  4    Int:  8    God:    Uskayaw [*.....]
Gold:   54         SH:  9    Dex: 13    Spells: 0 memorised, 9 levels left

rFire  . . .     SeeInvis .     a - +1 war axe
rCold  . . .     Gourm    .     g - +2 plate armour
rNeg   . . .     Faith    +     c - +0 shield
rPois  +         Spirit   .     (no helmet)
rElec  .         Dismiss  .     G - +0 cloak (curse)
rCorr  .         Reflect  .     (no gloves)
SustAt .         Harm     .     (no boots)
MR     +....                    D - amulet of faith
Stlth  ..........               q - ring of protection from magic
                                B - ring of poison resistance

@: very slightly contaminated, invisible, somewhat resistant to hostile
enchantments, extremely unstealthy
A: no striking features
a: Stomp, Renounce Religion


You were on level 11 of the Dungeon.
You worshipped Uskayaw.
Uskayaw was aware of your devotion.
You were not hungry.

You visited 2 branches of the dungeon, and saw 12 of its levels.

You collected 179 gold pieces.
You spent 125 gold pieces at shops.

Inventory:

Hand Weapons
 a - a +1 war axe (weapon)
Missiles
 A - 7 javelins (quivered)
Armour
 c - a +0 shield (worn)
 g - a +2 plate armour (worn)
 G - a cursed +0 cloak (worn)
Jewellery
 q - a ring of protection from magic (right hand)
 u - an uncursed ring of protection from fire
 B - a ring of poison resistance (left hand)
 D - an amulet of faith (around neck)
Wands
 z - a wand of disintegration (8/24)
Scrolls
 d - 2 scrolls of fear
 e - 3 scrolls of recharging
 j - 8 scrolls of remove curse
 o - a scroll of vulnerability {unknown}
 r - a scroll of enchant weapon
 x - a scroll of noise {unknown}
 C - a scroll of immolation
 H - a scroll of identify
Potions
 b - 2 potions of magic
 i - a potion of resistance
 l - a potion of cancellation
 m - a potion of heal wounds {unknown}
 n - 2 potions of brilliance
 p - 2 potions of ambrosia
 s - a potion of invisibility
 v - a potion of flight {unknown}
 w - 2 potions of agility {unknown}
 E - 2 potions of might
 F - 4 potions of degeneration {unknown}
Books
 k - a book of Callings

   Spells                             Type                      Level
   a - Summon Small Mammal            Summoning                    1
   b - Call Imp                       Summoning                    2
   c - Call Canine Familiar           Summoning                    3
   d - Summon Guardian Golem          Hexes/Summoning              3
   e - Summon Lightning Spire         Summoning/Air                4
   f - Summon Ice Beast               Ice/Summoning                4
 y - a book of Air

   Spells                             Type                      Level
   a - Shock                          Conjuration/Air              1
   b - Swiftness                      Charms/Air                   2
   c - Repel Missiles                 Charms/Air                   2
   d - Static Discharge               Conjuration/Air              3
   e - Lightning Bolt                 Conjuration/Air              5
Comestibles
 f - 5 bread rations
 h - 3 meat rations
 t - 26 fruits


   Skills:
 + Level 9.1 Fighting
 + Level 9.9 Axes
 - Level 8.0 Armour
 - Level 3.2 Shields
 + Level 9.8 Invocations


You had 9 spell levels left.
You didn't know any spells.

Dungeon Overview and Level Annotations

Branches:
Dungeon (11/15)            Temple (1/1) D:7            Lair (0/6) D:8
    Orc: D:9-12

Altars:
Ashenzari
Cheibriados
Dithmenos
Elyvilon
Fedhas
Gozag
Hepliaklqana
Kikubaaqudgha
Makhleb
Nemelex Xobeh
Okawaru
Pakellas
Qazlal
Ru
Sif Muna
Trog
Uskayaw
Vehumet
Xom
Yredelemnul
Zin
The Shining One

Shops:
D:5 [   D:6 *   D:7 *%   D:8 }

Annotations:
D:9 Maurice
D:11 Maud


Message History

You climb downwards.
You hear the roar of battle.
There is an entrance to a bailey on this level.
Hurry and find it before the portal closes forever!
There is a stone staircase leading up here.
As you read the scroll of fear, it crumbles to dust.
You assume a fearsome visage.
Maud looks frightened!
Maud shouts!
Maud seems to regain her courage.
Maud shouts!
Found 2 potions of ambrosia.
Found 18 gold pieces.
Found a scroll labeled DASEJU FAOHOFETEDO.
A worker ant comes into view.
The worker ant twitches its antennae in your direction.
The worker ant twitches its antennae in your direction.
The worker ant twitches its antennae in your direction.
The worker ant twitches its antennae in your direction.
Maud screams, "If you give me 'Entarex', I'll let you live!"
Maud hits you with an eveningstar of protection!!
You die...

#............#####
###.................
...............!...
#.................
#..?..............
#...$.............
#.................
#.@...............
#######@##########......
#......a# #.#####
#######.# #@# #.# #.#
#.# #.# #.# #<# #.# #.#
#.# #.# ## ###


You could see Maud and a worker ant (wandering).

Vanquished Creatures
  The ghost of Shenda the Covered, an amateur GrFi of Hepliaklqana (D:4)
  4 yaks (D:10)
  An orc warrior (D:7)
  4 ice beasts
  An ogre (D:8)
  A sky beast (D:8)
  A necrophage (D:7)
  2 phantoms
  7 big kobolds (D:8)
  2 giant frogs
  A gnoll sergeant (D:7)
  A scorpion (D:9)
  2 howler monkeys
  5 wights (D:7)
  4 crimson imps
  2 giant frog zombies
  A quasit (D:8)
  3 hounds
  5 iguanas
  3 orc wizards
  8 worker ants
  3 worker ant zombies
  7 gnolls
  11 adders
  6 shadow imps
  An ooze (D:6)
  2 adder skeletons
  3 worms
  2 dart slugs
  4 giant geckos
  17 orcs
  4 bats
  8 giant cockroaches
  11 goblins
  7 hobgoblins
  20 jackals
  6 quokkas
  4 giant newts
  19 kobolds
  8 rats
202 creatures vanquished.

Notes
Turn   | Place    | Note
--------------------------------------------------------------
     0 | D:1      | Ijustatesigmund the Hill Orc Fighter began the quest for the Orb.
     0 | D:1      | Reached XP level 1. HP: 19/19 MP: 1/1
    62 | D:1      | Reached XP level 2. HP: 24/27 MP: 2/2
   374 | D:1      | Reached XP level 3. HP: 32/33 MP: 3/3
  1171 | D:2      | Reached XP level 4. HP: 41/41 MP: 4/4
  1835 | D:3      | Reached XP level 5. HP: 32/47 MP: 5/5
  2170 | D:4      | Reached skill level 5 in Armour
  2283 | D:4      | Noticed a phantom
  2294 | D:4      | Reached XP level 6. HP: 40/53 MP: 6/6
  2312 | D:4      | Killed a phantom
  2489 | D:4      | Found a burning altar of Makhleb.
  2549 | D:4      | Noticed Shenda's ghost (amateur GrFi)
  2572 | D:4      | Killed Shenda's ghost
  2572 | D:4      | Reached XP level 7. HP: 30/60 MP: 7/7
  2997 | D:5      | Entered Level 5 of the Dungeon
  3174 | D:5      | Reached skill level 5 in Axes
  3184 | D:5      | Found Hibydoq's Antique Armour Shoppe.
  3260 | D:5      | Reached skill level 5 in Fighting
  3663 | D:6      | Reached XP level 8. HP: 70/70 MP: 8/8
  3696 | D:6      | Found Qiclido's Assorted Antiques.
  3704 | D:6      | Bought a scroll labeled KIELUT PEESHYG for 28 gold pieces
  3704 | D:6      | Bought a fizzy grey potion for 25 gold pieces
  3704 | D:6      | Bought a bubbling green potion for 25 gold pieces
  3704 | D:6      | Bought a black potion for 25 gold pieces
  3744 | D:6      | Found an oddly glowing altar of Pakellas.
  4436 | D:7      | Found Laskoh's Food Shop.
  4724 | D:7      | Reached XP level 9. HP: 76/80 MP: 9/9
  4741 | D:7      | Found Adiblubb's General Store.
  4781 | D:7      | Bought a scroll of identify for 22 gold pieces
  4834 | D:7      | Found a staircase to the Ecumenical Temple.
  4843 | Temple   | Entered the Ecumenical Temple
  4944 | Temple   | Became a worshipper of Uskayaw the Reveler
  5081 | D:7      | Found Libliucw's Food Emporium.
  5146 | D:8      | Found a hazy altar of Hepliaklqana.
  5227 | D:8      | Found Vinues Rouh's Gadget Shoppe.
  5231 | D:8      | Reached * piety under Uskayaw
  5235 | D:8      | Reached ** piety under Uskayaw
  5444 | D:8      | Found a staircase to the Lair.
  5708 | D:8      | Reached skill level 1 in Invocations
  5709 | D:8      | Reached *** piety under Uskayaw
  5712 | D:8      | Reached **** piety under Uskayaw
  5714 | D:8      | Reached ***** piety under Uskayaw
  5722 | D:8      | Reached skill level 5 in Invocations
  5790 | D:8      | Found a hazy altar of Hepliaklqana.
  5843 | D:8      | Found a basalt altar of Yredelemnul.
  6170 | D:9      | Noticed Maurice
  6876 | D:10     | Entered Level 10 of the Dungeon
  7057 | D:10     | Reached XP level 10. HP: 71/91 MP: 14/16
  7394 | D:10     | Noticed Maud
  7438 | D:11     | Mangled by Maud

Vault maps used:
D:1:      mrwooster_arrival_statue_3, hangedman_decor_push
D:2:      serial_park_tiny_pond
D:3:      first_bread
D:4:      lemuel_coloured_pillars_altar, hangedman_decor_growths
D:5:      serial_shops, nicolae_shop_statue_plus, minmay_misc_feat_enclosed
D:6:      kennysheep_mini_moat, serial_shops, shop
D:7:      minmay_temple_entry_poolview, serial_shops, shop, nicolae_shop_stone,
          shop
D:8:      grunt_temple_overflow_open, lair_0_dummy, serial_curves,
          eino_curves_01, eino_curves_02, basic_altar, serial_shops, shop,
          special_room, blue_anna_alchemist
D:9:      wad_floor_pattern_untrapped, uniq_maurice
D:10:     uniq_erica, uniq_nergalle, uniq_maud
D:11:     lightli_bailey_entry_fortress, uniq_harold
Temple:   kilobyte_greek_temple_18

Skill      XL: |  1  2  3  4  5  6  7  8  9 10 |
---------------+-------------------------------+-----
Axes           | 3 4 6 8 9 |  9.9
Fighting       | 4 5 8 9 |  9.1
Armour         | 4 5 7 8 |  8.0
Invocations    | 8 9 |  9.8
Shields        | |  3.2

Action                   |  1- 3 |  4- 6 |  7- 9 | 10-12 || total
-------------------------+-------+-------+-------+-------++-------
Melee: War axe           |   119 |   185 |   476 |    33 ||   813
Invok: Stomp             |       |       |     1 |       ||     1
Evoke: Wand              |       |       |     3 |       ||     3
  Use: Scroll            |       |     7 |    11 |     1 ||    19
       Potion            |       |     2 |     1 |     1 ||     4
 Stab: Paralysed         |       |       |    11 |     2 ||    13
  Eat: Chunk             |     1 |     5 |    11 |     1 ||    18
       Beef jerky        |       |       |     2 |       ||     2
       Pizza             |       |       |     1 |       ||     1
Armor: Scale mail        |    12 |       |       |       ||    12
       Plate armour      |    62 |   120 |   314 |    14 ||   510
Dodge: Dodged            |    19 |    24 |    71 |     2 ||   116
Block: Shield            |    77 |    98 |   208 |     7 ||   390
